 Dungeon Crawl Stone Soup version 0.16-a0-1885-g0f03bb0 (webtiles) character file.

13786 Kraw the Grappler (level 11, 0/111 HPs)
             Began as a Troll Artificer on Nov 6, 2014.
             Was a Priest of Nemelex Xobeh.
             Slain by a wolf (7 damage)
             ... on level 3 of the Lair of Beasts.
             The game lasted 01:09:19 (11224 turns).

Kraw the Grappler (Troll Artificer)                Turns: 11224, Time: 01:09:19

Health: 0/111      AC: 15    Str: 26    XL:     11   Next: 80%
Magic:  15/15      EV: 14    Int: 10    God:    Nemelex Xobeh [***...]
Gold:   870        SH:  0    Dex: 11    Spells: 0 memorised, 10 levels left

rFire  . . .     SeeInvis .       - Unarmed
rCold  . . .     Clarity  .     t - +2 robe {MR+}
rNeg   . . .     SustAb   .     (shield restricted)
rPois  +         Gourm    +     p - +1 hat
rElec  .         Spirit   .     (no cloak)
rCorr  +         Warding  .     (gloves unavailable)
rMut   .         Stasis   .     (boots unavailable)
MR     +....                    x - amulet of resist corrosion
Stlth  +.........               r - ring of poison resistance
                                m - +4 ring of protection

@: mighty, stone skin, very slightly contaminated, somewhat resistant to hostile
enchantments, very unstealthy
A: unfitting armour, claws 3, fast metabolism 3, gourmand, regeneration 2,
shaggy fur 1, tough skin 2
a: Triple Draw, Renounce Religion


You were on level 3 of the Lair of Beasts.
You worshipped Nemelex Xobeh.
Nemelex Xobeh was most pleased with you.
You were very full.

You visited 3 branches of the dungeon, and saw 15 of its levels.
You also visited: Ossuary.

You collected 870 gold pieces.

Inventory:

Hand weapons
 b - a +5 blowgun
Missiles
 i - 2 curare-tipped needles
 k - 35 poisoned needles
 H - 3 large rocks (quivered)
Armour
 p - a +1 hat (worn)
 t - a +2 robe of magic resistance (worn)
Jewellery
 m - a +4 ring of protection (left claw)
 r - a ring of poison resistance (right claw)
 x - an amulet of resist corrosion (around neck)
 K - an uncursed ring of positive energy
 W - an uncursed ring of magical power
Magical devices
 c - a wand of enslavement (14)
 u - a wand of polymorph (10)
 I - a wand of flame (15)
 J - a wand of lightning (8)
 Q - a wand of paralysis (16)
 V - a wand of fireball (3)
Scrolls
 e - a scroll of fear {unknown}
 g - a scroll of holy word {unknown}
 l - 2 scrolls of teleportation
 q - a scroll of magic mapping
 C - 2 scrolls of immolation {unknown}
 D - 2 scrolls of recharging {unknown}
 O - 2 scrolls of enchant armour {unknown}
 R - 3 scrolls of noise {unknown}
 X - a scroll of acquirement {unknown}
 Y - a scroll of fog
Potions
 h - a potion of cure mutation
 n - 3 potions of might
 o - 4 potions of haste
 w - a potion of agility
 z - 5 potions of curing
 B - 4 potions of cancellation
 E - a potion of lignification {unknown}
 F - 3 potions of flight
 M - a potion of beneficial mutation {unknown}
 N - a potion of poison {unknown}
 S - 4 potions of restore abilities
 U - a potion of mutation {unknown}
Books
 Z - a book of Transfigurations

   Spells                             Type                      Level
   Stoneskin                          Transmutation/Earth          2
   Irradiate                          Conjuration/Transmutation    5
   Statue Form                        Transmutation/Earth          6
   Hydra Form                         Transmutation                6
   Dragon Form                        Transmutation                7
Miscellaneous
 d - a plain deck of war {drawn: 5}
 f - a fan of gales
 v - a plain deck of war
 L - an ornate deck of escape
 P - an ornate deck of war {drawn: 2}
Comestibles
 a - 9 meat rations
 j - a royal jelly
 A - 10 bread rations
 G - 2 chunks of flesh


   Skills:
 - Level 8.0 Fighting
 - Level 10.0 Dodging
 - Level 0.4 Stealth
 - Level 10.0 Unarmed Combat
 + Level 6.1 Evocations


You had 10 spell levels left.
You didn't know any spells.

Dungeon Overview and Level Annotations

Branches:
Dungeon (11/15)            Temple (1/1) D:7            Lair (3/8) D:11
    Orc (0/4) D:10
  Swamp: Lair:3-6    Shoals: Lair:3-6     Snake: Lair:3-6    Spider: Lair:3-6

Altars:
Ashenzari
Cheibriados
Dithmenos
Elyvilon
Fedhas
Gozag
Kikubaaqudgha
Makhleb
Nemelex Xobeh
Okawaru
Qazlal
Ru
Sif Muna
Trog
Vehumet
Xom
Yredelemnul
Zin
The Shining One

Annotations:
D:9 Psyche
Lair:2 Nergalle


Innate Abilities, Weirdness & Mutations

You are too large for most types of armour.
You have claws for hands.
Your metabolism is lightning-fast.
You like to eat raw meat.
You heal very quickly.
You are covered in fur (AC +1).
You have very tough skin (AC +2).


Message History

* * * LOW HITPOINT WARNING * * *
The wolf barely misses you.
You closely miss the wolf. Your claw misses the wolf.
The wolf closely misses you. The wolf bites you!
* * * LOW HITPOINT WARNING * * *
Drink which item? (? for menu, Esc to quit)
You feel better. The wolf bites you.
* * * LOW HITPOINT WARNING * * *
The wolf bites you but does no damage. The wolf bites you!
* * * LOW HITPOINT WARNING * * *
The wolf barely misses you.
Read which item? (? for menu, Esc to quit)
Blink to where?
Press: ? - help, Dir - move target cursor
As you read the scroll of blinking, it crumbles to dust.
The wolf closely misses you. The wolf barely misses you.
The wolf closely misses you. The wolf bites you!
You die...
Your body glows slightly and disappears.

### ### #### #.## ###.# ##..#
#####..# #...# #P.†## ##..#..##
#######...# #.†§# #.......##
##.P...#...# ##.h##
..#.#....###.<..@h....###...#
..###P...#...P#..h.....###..#
####........P##P.......##...#
#.#..........####...........####
.............## ##.............##
..#...........###...........=....
####..................#........h.
# #.............†...##........hh
#.................###.......§#


You could see 2 wolves.

Vanquished Creatures
  Erica (D:10)
  An unseen horror (D:11)
  2 hill giants
  An elephant (D:11)
  Joseph (D:11)
  A gargoyle (D:9)
  3 komodo dragons
  A spiny frog (Lair:3)
  A troll (D:11)
  A spriggan (D:8)
  A shadow (D:9)
  8 yaks
  A wyvern (D:11)
  3 hippogriffs
  4 wolves (Lair:3)
  Edmund (D:9)
  Menkaure (D:5)
  3 water moccasins
  4 porcupines
  3 black bears
  6 orc warriors
  A crocodile (Lair:3)
  A necrophage (D:8)
  3 centaurs
  4 ice beasts
  6 ogres
  5 sky beasts
  Duvessa (D:5)
  6 giant frogs
  A cyclops zombie (D:10)
  4 killer bees (D:9)
  2 wights (D:10)
  2 centaur zombies (Ossuary)
  2 jellies
  Dowan (D:5)
  3 crimson imps
  9 hounds
  2 centaur skeletons (D:6)
  A human zombie (Ossuary)
  7 orc priests
  3 goliath beetles (D:11)
  7 iguanas
  8 worker ants
  12 orc wizards
  A two-headed ogre skeleton (D:8)
  A big kobold zombie (Ossuary)
  A sheep (D:11)
  4 mummies (Ossuary)
  A big kobold skeleton (D:6)
  14 green rats
  9 adders
  11 gnolls (D:2)
  5 shadow imps
  4 worms
  An adder zombie (D:7)
  A gnoll skeleton (D:8)
  An iguana skeleton (D:5)
  An orc zombie (D:5)
  2 oozes
  28 orcs
  5 giant cockroaches
  7 goblins
  10 hobgoblins
  9 jackals
  17 kobolds
  12 quokkas
  5 ball pythons
  15 bats
  4 giant geckos
  5 giant newts
  2 giant spores (D:9)
  A goblin zombie (Ossuary)
  3 hobgoblin zombies (Ossuary)
  A kobold skeleton (D:4)
  9 rats
  5 ballistomycetes (D:9)
  A fungus (Lair:1)
335 creatures vanquished.

Vanquished Creatures (collateral kills)
  A yak (D:10)
  2 orc warriors (D:10)
  A sky beast (D:10)
  2 wights (D:10)
  A jelly (D:10)
  A hound (D:10)
  An orc priest (D:10)
  A sheep (D:11)
  An ooze (D:10)
  5 orcs (D:10)
  A hobgoblin (D:10)
17 creatures vanquished.

Vanquished Creatures (others)
  An air elemental (D:10)
  A dancing weapon (Lair:3)
  2 shadow imps
  A giant spore (D:11)
5 creatures vanquished.

Grand Total: 357 creatures vanquished

Notes
Turn   | Place    | Note
--------------------------------------------------------------
     0 | D:1      | Kraw, the Troll Artificer, began the quest for the Orb.
     0 | D:1      | Reached XP level 1. HP: 18/18 MP: 1/1
   127 | D:1      | Reached XP level 2. HP: 26/26 MP: 1/1
   624 | D:2      | Reached skill level 3 in Unarmed Combat
   624 | D:2      | Reached XP level 3. HP: 20/32 MP: 3/3
   828 | D:2      | Reached skill level 4 in Unarmed Combat
   828 | D:2      | Reached XP level 4. HP: 16/40 MP: 3/3
  1010 | D:2      | Reached XP level 5. HP: 46/46 MP: 3/3
  1014 | D:2      | Reached skill level 5 in Unarmed Combat
  1908 | D:4      | Reached skill level 6 in Unarmed Combat
  1929 | D:4      | Reached XP level 6. HP: 54/54 MP: 5/5
  2296 | D:4      | Noticed an ogre
  2303 | D:4      | Killed an ogre
  2420 | D:5      | Entered Level 5 of the Dungeon
  2494 | D:5      | Noticed Duvessa
  2507 | D:5      | Noticed Dowan
  2531 | D:6      | Reached skill level 7 in Unarmed Combat
  2658 | D:5      | Reached XP level 7. HP: 58/61 MP: 5/5
  3073 | D:5      | Noticed Menkaure
  3091 | D:5      | Killed Menkaure
  3091 | D:5      | Reached skill level 8 in Unarmed Combat
  3493 | D:5      | Killed Dowan
  3557 | D:5      | Killed Duvessa
  3557 | D:5      | Reached skill level 9 in Unarmed Combat
  3728 | D:6      | Reached XP level 8. HP: 51/68 MP: 5/5
  3956 | D:6      | Reached skill level 10 in Unarmed Combat
  4411 | D:6      | Found a deep blue altar of Sif Muna.
  4869 | D:7      | Reached skill level 5 in Evocations
  4988 | D:7      | Reached skill level 1 in Fighting
  4991 | D:7      | Found a staircase to the Ecumenical Temple.
  5000 | Temple   | Entered the Ecumenical Temple
  5041 | Temple   | Became a worshipper of Nemelex Xobeh the Trickster
  5171 | D:8      | Received a gift from Nemelex Xobeh
  5252 | D:8      | Reached XP level 9. HP: 54/79 MP: 11/11
  5338 | D:8      | Found a sand-covered staircase.
  5345 | D:8      | Found Qouhis' Jewellery Shoppe.
  5349 | Ossuary  | Entered an ossuary
  5463 | Ossuary  | Received a gift from Nemelex Xobeh
  6060 | D:8      | Reached skill level 5 in Fighting
  6232 | D:9      | Noticed a hill giant
  6245 | D:9      | Killed a hill giant
  6270 | D:9      | Noticed a gargoyle
  6305 | D:9      | Found an ancient bone altar of Kikubaaqudgha.
  6325 | D:9      | Killed a gargoyle
  6366 | D:9      | Reached XP level 10. HP: 40/102 MP: 12/12
  6821 | D:9      | Noticed Edmund
  6832 | D:9      | Killed Edmund
  6934 | D:9      | Noticed Psyche
  7526 | D:10     | Entered Level 10 of the Dungeon
  7790 | D:10     | Found a staircase to the Orcish Mines.
  7917 | D:10     | Noticed a hill giant
  7932 | D:10     | Killed a hill giant
  7932 | D:10     | Reached skill level 5 in Dodging
  8025 | D:10     | Noticed Erica
  8052 | D:10     | HP: 5/104 [something (2)]
  8053 | D:10     | Killed Erica
  8248 | D:10     | Noticed Erolcha
  8261 | D:10     | Noticed Erolcha
  8261 | D:10     | Erolcha changed into Erolcha the sky beast
  8270 | D:10     | Killed Erolcha the sky beast
  8425 | D:10     | Reached XP level 11. HP: 76/111 MP: 13/13
  8756 | D:11     | Found a staircase to the Lair.
  9055 | D:11     | Noticed Joseph
  9112 | D:11     | Killed Joseph
  9338 | D:11     | Received a gift from Nemelex Xobeh
  9967 | D:11     | Found a white marble altar of Elyvilon.
 10044 | D:11     | Killed an unseen horror
 10102 | Lair:1   | Entered Level 1 of the Lair of Beasts
 10325 | Lair:1   | Received a gift from Nemelex Xobeh
 10398 | Lair:1   | Acquired Nemelex Xobeh's first power
 10701 | Lair:1   | You fall through a shaft!
 10735 | Lair:2   | Received a gift from Nemelex Xobeh
 10889 | Lair:2   | Noticed Nergalle
 11001 | Lair:3   | Reached skill level 10 in Dodging
 11215 | Lair:3   | HP: 3/111 [wolf (8)]
 11224 | Lair:3   | Slain by a wolf

Action                   |  1- 3 |  4- 6 |  7- 9 | 10-12 || total
-------------------------+-------+-------+-------+-------++-------
Melee: Unarmed           |    96 |   148 |   358 |   495 ||  1097
 Fire: Blowgun           |       |       |    22 |    63 ||    85
Throw: Large rock        |       |       |    10 |     8 ||    18
Evoke: Deck              |       |       |       |    18 ||    18
       Fan of gales      |       |       |       |     1 ||     1
       Wand              |       |       |       |     1 ||     1
  Use: Scroll            |       |       |    13 |    16 ||    29
       Potion            |       |       |       |     5 ||     5
 Stab: Sleeping          |     1 |     1 |       |     4 ||     6
       Distracted        |       |       |     2 |       ||     2
       Invisible         |       |       |       |     1 ||     1
  Eat: Chunk             |    12 |    16 |    35 |    44 ||   107
